 Dungeon Crawl Stone Soup version 0.27-a0-1228-gfd60fd639a (webtiles) character file.

Game seed: 6411743738795143684

21 dickylongcocking the Magician (level 3, -2/27 HPs)
             Began as a Djinni Fire Elementalist on June 7, 2021.
             Frozen to death by an endoplasm (7 damage)
             ... on level 1 of the Dungeon.
             The game lasted 00:00:41 (834 turns).

dickylongcocking the Magician (DjFE)                 Turns: 834, Time: 00:00:42

Health: -2/27      AC:  4    Str:  7    XL:     3   Next: 2%
Gold:   25         EV: 12    Int: 17    God:
                   SH:  0    Dex: 13

rFire    + + .     SeeInvis .   d - +0 dagger
rCold    x . .     Faith    .   (no shield)
rNeg     . . .     Spirit   .   a - +0 robe
rPois    ∞         Reflect  .   (no helmet)
rElec    .         Harm     .   (no cloak)
rCorr    .         Rampage  .   (no gloves)
Will     .....                  (boots unavailable)
Stlth    ++........             (no amulet)
HPRegen  0.09/turn              (no ring)
MPRegen  0.00/turn              (no ring)

@: mighty, brilliant, flying
A: sickness immunity, fire resistance 2, cold vulnerability 1, float, innate
caster, hp casting, extra vitality 1, iridescent scales 1, sense surroundings 1,
subdued magic 1
a: no special abilities


You were on level 1 of the Dungeon.
You visited 1 branch of the dungeon, and saw 1 of its levels.

You collected 25 gold pieces.

Inventory:

Hand Weapons
 b - a +0 whip
 d - a +0 dagger (weapon)
Armour
 a - a +0 robe (worn)
Scrolls
 e - a scroll of identify {unknown}
 h - a scroll of teleportation {unknown}


   Skills:
 * Level 1.5 Fighting
 - Level 2.1 Dodging
 - Level 1.5 Stealth
 * Level 2.8 Spellcasting


You couldn't memorise any spells.
You knew the following spells:

 Your Spells              Type           Power      Damage    Failure   Level
a - Foxfire               Conj/Fire      52%        2x1d6     4%          1
b - Conjure Flame         Conj/Fire      13%        6-21      14%         3
c - Inner Flame           Hex/Fire       13%        N/A       14%         3
d - Sticky Flame          Conj/Fire      13%        2d4       45%         4
e - Fireball              Conj/Fire      6%         3d5       80%         5
f - Pain                  Necr           52%        1d6       4%          1
Your spell library was empty.

Dungeon Overview and Level Annotations

Branches:
Dungeon (1/15)

Altars:


Innate Abilities, Weirdness & Mutations

You are immune to sickness and miasma.
You are immune to poison.
Your flesh is very heat resistant. (rF++)
You are vulnerable to cold. (rC-)
You float through the air rather than walking.
You learn spells naturally, not from books.
Your magical power is your life essence.
You have superior vitality. (+4 HP)
You are partially covered in iridescent scales. (AC +2)
You passively map a small area around you.
Your spells are a little easier to cast, but a little less powerful.


Message History

Casting: Foxfire (safe; 5% risk of failure)
Confirm with . or Enter, or press ? or * to list all spells.
You conjure some foxfire!
The endoplasm freezes you.
You are frozen!
You feel a terrible chill!
* * * LOW HITPOINT WARNING * * *
The ball python barely misses you. x2
Unknown command.
Your foxfire dissipates!
The foxfire hits the endoplasm.
The endoplasm is severely wounded.
The endoplasm hits you.
* * * LOW HITPOINT WARNING * * *
The ball python barely misses you. The ball python grabs you.
The ball python constricts you.
You are too injured to fight recklessly!
Unknown command.
Okay, then.
You escape the ball python's grasp.
You see here a frilled lizard skeleton.
Your magical contamination has completely faded away.
It was a potion of might.
You feel very mighty all of a sudden. The endoplasm hits you.
* * * LOW HITPOINT WARNING * * *
Unknown command.
It was a potion of brilliance.
You feel clever all of a sudden.
It was a potion of mutation.
You feel extremely strange.
Your connection to magic feels subdued.
Iridescent scales grow over part of your body.
You feel a strange attunement to the structure of the dungeons.
The endoplasm hits you but does no damage.
Casting: Foxfire (safe; 4% risk of failure)
Confirm with . or Enter, or press ? or * to list all spells.
You feel a surge of power!
You conjure some foxfire!
* * * LOW HITPOINT WARNING * * *
The endoplasm freezes you.
You are frozen!
You feel a terrible chill!
You die...

####### ####..####'####..##)....
....... ..####..'...'..####.....
...### #.# ####.<.#### #.####
##..[### #.####..'...'..####.#
#......###.##..####'####..##.####
#......÷.#.#.### #.# ###.#.....
#.....##....#######.#######..####
......####.Jg.SJvv...........#
†.........######@.##.....#####
.†........# ##.##.....#
.)).......# #.##.....#
..........# ##.##.....#
......##### #(.....#.## ........
#......#.# ........# #..[...#.#
........# #......#.# , ,,
###†.###.#


You could see 2 endoplasms, a hobgoblin and a ball python.

Vanquished Creatures
  3 ball pythons (D:1)
  A bat (D:1)
  2 giant cockroaches (D:1)
  2 goblins (D:1)
  2 hobgoblins (D:1)
  2 jackals (D:1)
  3 frilled lizards (D:1)
  3 kobolds (D:1)
  A rat (D:1)
19 creatures vanquished.

Vanquished Creatures (others)
  56 foxfires (D:1)
56 creatures vanquished.

Grand Total: 75 creatures vanquished

Notes
Turn   | Place    | Note
-------+----------+-------------------------------------------
     0 | D:1      | dickylongcocking the Djinni Fire Elementalist began the
                  | quest for the Orb.
     0 | D:1      | Reached XP level 1. HP: 15/15 MP: 0/0
   303 | D:1      | Reached XP level 2. HP: 13/22 MP: 0/0
   306 | D:1      | Reached skill level 1 in Fighting
   800 | D:1      | Reached XP level 3. HP: 22/27 MP: 0/0
   800 | D:1      | Learned a level 1 spell: Pain
   830 | D:1      | Gained mutation: Your spells are a little easier to cast,
                  | but a little less powerful. [potion of mutation]
   830 | D:1      | Gained mutation: You are partially covered in iridescent
                  | scales. (AC +2) [potion of mutation]
   830 | D:1      | Gained mutation: You passively map a small area around you.
                  | [potion of mutation]
   834 | D:1      | Frozen to death by an endoplasm

Illustrated notes

Levels and vault maps discovered:
D:1:      dpeg_arrival_radiant, layout_basic, serial_shops, shop_fountains,
          hellmonk_ecumenical_altar_prayer_group

Skill      XL: |  1  2 |
---------------+-------+-----
Fighting       | 1 |  1.5
Dodging        | |  2.1
Stealth        | |  1.5
Spellcasting   | |  2.8

Action                   || total
-------------------------++-------
Melee: Dagger            ||     5
 Cast: Foxfire           ||    34
  Use: Potion            ||     3
Armor: Robe              ||     4
Dodge: Dodged            ||    16

Table legend: (Time is in decaauts)
 A = Elapsed time spent in this place.
 B = Non-inter-level travel time spent in this place.
 C = Inter-level travel time spent in this place.
 D = Time resting spent in this place.
 E = Time spent auto-exploring this place.
 F = Levels seen in this place.
 G = Mean time per level.
                   A        B        C        D        E       F      G
               +--------+--------+--------+--------+--------+-----+--------+
         Total |    833 |    833 |      0 |      0 |    710 |   1 |  833.0 |
       Dungeon |    833 |    833 |      0 |      0 |    710 |   1 |  833.0 |
               +--------+--------+--------+--------+--------+-----+--------+

Top non-repeatable levels by time:
     D:1: 833 daAuts
